 Dungeon Crawl Stone Soup version 0.27.1 (webtiles) character file.

Game seed: 8284470253816409234

1475 funkygono the Firebug (level 8, -1/43 HPs)
             Began as a Gargoyle Fire Elementalist on Aug 25, 2021.
             Was a Follower of Vehumet.
             Slain by a wight (7 damage)
             ... on level 6 of the Dungeon.
             The game lasted 00:12:15 (6686 turns).

funkygono the Firebug (Gargoyle Fire Elementalist)  Turns: 6686, Time: 00:12:15

Health: -1/43      AC:  8    Str: 12    XL:     8   Next: 78%
Magic:  6/16       EV: 12    Int: 18    God:    Vehumet [*.....]
Gold:   330        SH:  0    Dex: 10    Spells: 5/18 levels left

rFire    . . .     SeeInvis .   k - +1 mace (protect)
rCold    . . .     Faith    .   (no shield)
rNeg     + . .     Spirit   .   a - +0 robe
rPois    ∞         Reflect  .   q - +0 helmet
rElec    +         Harm     .   (no cloak)
rCorr    .         Rampage  .   (no gloves)
Will     .....                  (no boots)
Stlth    ++........             p - amulet of magic regeneration
HPRegen  0.14/turn              (no ring)
MPRegen  0.40/turn              (no ring)

@: no status effects
A: sickness immunity, AC +5, negative energy resistance 1, electricity
resistance, torment resistance 1, petrification resistance
a: Renounce Religion


You were on level 6 of the Dungeon.
You worshipped Vehumet.
Vehumet was aware of your devotion.
You visited 2 branches of the dungeon, and saw 7 of its levels.

You collected 330 gold pieces.

Inventory:

Hand Weapons
 b - a +0 whip
 c - a +0 mace
 k - a +1 mace of protection (weapon)
Missiles
 d - 74 stones
 t - a throwing net
Armour
 a - a +0 robe (worn)
 g - a +0 helmet
 q - a +0 helmet (worn)
 u - a +2 cloak
Jewellery
 p - an amulet of magic regeneration (around neck)
Wands
 r - a wand of flame (8)
 s - a wand of iceblast (11)
Scrolls
 l - 4 scrolls of teleportation
Potions
 e - a potion of lignification
 f - a potion of brilliance {unknown}
 h - 4 potions of curing {unknown}
 i - 2 potions of magic {unknown}
 j - 2 potions of attraction {unknown}
 m - 2 potions of berserk rage {unknown}
 n - 2 potions of might {unknown}
 o - 2 potions of resistance {unknown}


   Skills:
 + Level 1.0 Fighting
 + Level 1.2 Maces & Flails
 + Level 2.5 Dodging
 - Level 2.1 Stealth
 * Level 5.8 Spellcasting
 * Level 5.9 Conjurations
 * Level 6.7 Fire Magic


You had 5 spell levels left.
You knew the following spells:

 Your Spells              Type           Power      Damage    Failure   Level
a - Foxfire               Conj/Fire      100%       2x1d9     1%          1
b - Conjure Flame         Conj/Fire      28%        6-21      2%          3
c - Sticky Flame          Conj/Fire      28%        2d5       9%          4
d - Fireball              Conj/Fire      14%        3d8       26%         5

Your spell library contained the following spells:

 Spells                   Type           Power      Damage    Failure   Level
 Freeze                   Ice            20%        1d4       12%         1
 Inner Flame              Hex/Fire       17%        N/A       10%         3
 Gell's Gravitas          Tloc           2%         N/A       36%         3
 Teleport Other           Tloc           5%         N/A       36%         3
 Dispersal                Tloc           2%         N/A       100%        6


Dungeon Overview and Level Annotations

Branches:
Dungeon (6/15)             Temple (1/1) D:4

Altars:
Ashenzari
Dithmenos
Elyvilon
Gozag
Hepliaklqana
Makhleb
Nemelex Xobeh
Okawaru
Trog
Vehumet
Wu Jian
Xom
Yredelemnul
Zin
The Shining One


Innate Abilities, Weirdness & Mutations

You are immune to sickness and miasma.
Your stone body is resilient. (AC +5)
You are immune to poison.
You resist negative energy. (rN+)
You are resistant to electric shocks. (rElec)
You are resistant to unholy torment.
You are immune to petrification.


Message History

The foxfire hits the wight but does no damage.
The wight is almost destroyed.
The foxfire hits the wight but does no damage.
The wight is almost destroyed.
The wight closely misses you. x2
Casting: Foxfire (safe; 1% risk of failure)
Confirm with . or Enter, or press ? or * to list all spells.
You conjure some foxfire!
The foxfire hits the wight but does no damage.
The wight is almost destroyed.
The wight hits you with a +1 morningstar.
The wight hits you from afar with a +0 spear!
* * * LOW HITPOINT WARNING * * *
Casting: Foxfire (safe; 1% risk of failure)
Confirm with . or Enter, or press ? or * to list all spells.
You conjure some foxfire!
The foxfire hits the wight but does no damage.
The wight is almost destroyed.
The foxfire hits the wight but does no damage.
The wight is almost destroyed.
The foxfire hits the wight but does no damage.
The wight is almost destroyed.
The wight hits you but does no damage. x2
Your foxfire dissipates!
The foxfire hits the wight.
The wight resists.
You destroy the wight!
Vehumet accepts your kill.
Your Fighting skill increases to level 1!
You see here a +0 hand axe.
Casting: Foxfire (safe; 1% risk of failure)
Confirm with . or Enter, or press ? or * to list all spells.
You conjure some foxfire!
The wight hits you from afar with a +0 spear.
* * * LOW HITPOINT WARNING * * *
The foxfire hits the wight.
The wight is moderately damaged.
The foxfire hits the wight.
The wight is heavily damaged.
The wight hits you from afar with a +0 spear!
You die...

#.. ####.. +.?.. +.....
#.... ###### #.... #
#.=..#### #####
##.......# #....
.........############....
.........'..........#....
#.###.§@##########.#....
.##.##..?)# #..####
.......z.## ##.# #
##.#.)..# #.# # #
#.#....# #.## #
...#........ #..### #.#
#.......) #....# #.
..###.... #..... # #.#
.$.. #.....


You could see a wight.

Vanquished Creatures
  A water moccasin (D:6)
  An ice beast (D:6)
  2 sky beasts (D:6)
  A necrophage (D:6)
  A centaur (D:4)
  An ogre (D:5)
  A phantom (D:4)
  Blork the orc (D:6)
  A wyvern skeleton (D:5)
  A scorpion (D:6)
  A wight (D:6)
  A centaur zombie (D:6)
  3 iguanas
  2 orc priests (D:3)
  3 orc wizards
  Robin (D:4)
  7 adders
  10 gnolls
  4 white imps
  An adder zombie (D:1)
  4 worms
  A dart slug (D:3)
  10 orcs
  5 endoplasms
  12 goblins
  9 hobgoblins
  10 jackals
  3 quokkas
  3 ball pythons
  A ball python zombie (D:1)
  4 bats
  5 frilled lizards
  6 kobolds
  3 rats
120 creatures vanquished.

Vanquished Creatures (others)
  523 foxfires
  4 toadstools (D:2)
527 creatures vanquished.

Grand Total: 647 creatures vanquished

Notes
Turn   | Place    | Note
-------+----------+-------------------------------------------
     0 | D:1      | funkygono the Gargoyle Fire Elementalist began the quest
                  | for the Orb.
     0 | D:1      | Reached XP level 1. HP: 10/10 MP: 3/3
   331 | D:1      | Reached XP level 2. HP: 15/15 MP: 1/5
  1128 | D:2      | Reached XP level 3. HP: 19/19 MP: 2/6
  1132 | D:2      | Learned a level 3 spell: Conjure Flame
  1532 | D:2      | Reached XP level 4. HP: 18/24 MP: 5/8
  1937 | D:2      | Reached skill level 4 in Fire Magic
  2233 | D:2      | Reached XP level 5. HP: 28/28 MP: 6/9
  2241 | D:2      | Learned a level 4 spell: Sticky Flame
  3438 | D:3      | Reached XP level 6. HP: 27/32 MP: 0/11
  3733 | D:3      | Found a shadowy altar of Dithmenos.
  3864 | D:3      | Found a burning altar of Makhleb.
  4126 | D:4      | Noticed Robin
  4146 | D:4      | Killed Robin
  4194 | D:4      | Reached skill level 5 in Fire Magic
  4483 | D:4      | Found a staircase to the Ecumenical Temple.
  4493 | Temple   | Entered the Ecumenical Temple
  4505 | Temple   | Became a worshipper of Vehumet
  4800 | D:4      | Reached XP level 7. HP: 9/37 MP: 10/13
  5596 | D:4      | Learned a level 5 spell: Fireball
  5623 | D:5      | Entered Level 5 of the Dungeon
  5625 | D:5      | Found an ornate altar of the Wu Jian Council.
  5646 | D:5      | Found a bloodstained altar of Trog.
  6353 | D:6      | Reached skill level 5 in Spellcasting
  6353 | D:6      | Reached skill level 6 in Fire Magic
  6353 | D:6      | Reached XP level 8. HP: 36/42 MP: 12/15
  6386 | D:6      | Reached skill level 5 in Conjurations
  6468 | D:6      | Reached * piety under Vehumet
  6468 | D:6      | Offered knowledge of Freeze by Vehumet.
  6650 | D:6      | Reached skill level 1 in Maces & Flails
  6667 | D:6      | Noticed Blork the orc
  6672 | D:6      | Killed Blork the orc
  6684 | D:6      | Reached skill level 1 in Fighting
  6686 | D:6      | Slain by a wight

Illustrated notes

Levels and vault maps discovered:
D:1:      saegor_arrival_fortress, layout_basic
D:2:      layout_basic, grunt_ministairs_9, minmay_gold_behind_fungi
D:3:      layout_loops_cross, lightli_temple_of_fire,
          grunt_dithmenos_smoke_and_mirrors
D:4:      layout_cave_pods, minmay_temple_entry_ruins, uniq_robin
D:5:      layout_cave_pools, grunt_temple_overflow_open
D:6:      layout_basic, marbit_many_paths, gup_ossuary_entry_pyramid,
          uniq_blork_the_orc
Temple:   jpeg_temple_clearing

Skill      XL: |  1  2  3  4  5  6  7  8 |
---------------+-------------------------+-----
Conjurations   | 2 3 4 5 |  5.9
Fire Magic     | 4 5 6 |  6.7
Spellcasting   | 3 4 5 |  5.8
Dodging        | 2 |  2.5
Maces & Flails | 1 |  1.2
Fighting       | 1 |  1.0
Stealth        | |  2.1

Action                   |  1- 3 |  4- 6 |  7- 9 || total
-------------------------+-------+-------+-------++-------
Melee: Unarmed           |    10 |       |       ||    10
       Mace              |     6 |    25 |    42 ||    73
       Whip              |       |    27 |       ||    27
 Cast: Foxfire           |    42 |   136 |   115 ||   293
  Use: Scroll            |     1 |     2 |     2 ||     5
Armor: Robe              |     3 |    46 |    36 ||    85
Dodge: Dodged            |    18 |    46 |    40 ||   104
